 Dungeon Crawl Stone Soup version 0.30-a0-965-g42e074c17a (webtiles) character file.

Game seed: 14381516369256385779

10 IdlyInterested the Slasher (level 2, 0/22 HPs)
             Began as a Demonspawn Gladiator on Mar 30, 2023.
             Slain by a kobold
             ... wielding a +3 whip
              (2 damage)
             ... on level 1 of the Dungeon.
             The game lasted 00:00:43 (108 turns).

IdlyInterested the Slasher (Demonspawn Gladiator)    Turns: 108, Time: 00:00:43

Health: 0/22       AC:  4    Str: 14    XL:     2   Next: 10%
Magic:  2/2        EV: 12    Int: 11    God:
Gold:   17         SH:  0    Dex: 14    Spells: 1/1 levels left

rFire   . . .      SeeInvis .    a - +0 long sword
rCold   . . .      Faith    .    (no shield)
rNeg    . . .      Spirit   .    b - +0 leather armour
rPois   .          Reflect  .    c - +0 helmet
rElec   .          Rampage  .    (no cloak)
rCorr   .                        (no gloves)
Will    .....                    (no boots)
Stlth   +                        (no amulet)
HPRegen 0.23/turn                (no ring)
MPRegen 0.08/turn                (no ring)

@: no status effects
A: big brain 1
a: no special abilities


You were on level 1 of the Dungeon.
You visited 1 branch of the dungeon, and saw 1 of its levels.

You collected 17 gold pieces.

Inventory:

Hand Weapons
 a - a +0 long sword (weapon)
Missiles
 d - 3 throwing nets (quivered)
 e - a javelin
 g - 6 boomerangs
Armour
 b - a +0 leather armour (worn)
 c - a +0 helmet (worn)
Potions
 f - a potion of heal wounds {unknown}


   Skills:
 - Level 2.0 Fighting
 + Level 2.9 Long Blades
 - Level 1.7 Throwing
 - Level 1.0 Armour
 - Level 2.6 Dodging
 * Level 0.4 Evocations


You had one spell level left.
You didn't know any spells.
Your spell library was empty.

Dungeon Overview and Level Annotations

Branches:
Dungeon (1/15)

Altars:


Innate Abilities, Weirdness & Mutations

You have an unusually large brain. (Int +2)


Message History

You barely miss the kobold. The kobold misses you.
You closely miss the kobold. The kobold hits you with a +3 whip.
You barely miss the kobold. The kobold barely misses you.
You hit the kobold.
The kobold is severely wounded.
The kobold barely misses you. The kobold hits you with a +3 whip.
You barely miss the kobold.
The kobold is severely wounded.
The dart slug bites you but does no damage.
The kobold closely misses you.
You closely miss the kobold.
The kobold is severely wounded.
The kobold closely misses you. The dart slug barely misses you.
You barely miss the kobold.
The kobold is severely wounded.
The kobold hits you with a +3 whip.
The dart slug bites you but does no damage.
You closely miss the kobold. Your punch misses the kobold.
The kobold is severely wounded.
The kobold hits you with a +3 whip.
* * * LOW HITPOINT WARNING * * *
The dart slug closely misses you. The kobold closely misses you.
You closely miss the kobold.
The kobold is severely wounded.
The kobold hits you with a +3 whip.
* * * LOW HITPOINT WARNING * * *
The dart slug closely misses you.
You miss the kobold.
The kobold is severely wounded.
The kobold hits you with a +3 whip.
* * * LOW HITPOINT WARNING * * *
You barely miss the kobold.
The kobold is severely wounded.
The kobold barely misses you. The dart slug launches a dart at you.
The slug dart misses you.
You closely miss the kobold.
The kobold is severely wounded.
The kobold hits you with a +3 whip.
You die...

..+.....~P~# #.
#.##♣P.~P~~P# #.
#.####'###### #.
####.##.#.#
#####.##....##.#.#
.........#.......##....
#......?...#.#.##....
#...†....#.#.##....
#.w@..........#.#.#
#.K##.##.#.#..#.#.# #..
#.##.#.#..#.#.# #..
#.........#.#.## #..
####........†... #..
#.#.#..###### #..
...#)#..###### #..
###.#.#.†......
........†....#


You could see a dart slug and a kobold.

Vanquished Creatures
  A bat (D:1)
  An endoplasm (D:1)
  2 hobgoblins (D:1)
  3 jackals (D:1)
  A frilled lizard (D:1)
8 creatures vanquished.

Notes
Turn   | Place    | Note
-------+----------+-------------------------------------------
     0 | D:1      | IdlyInterested the Demonspawn Gladiator began the quest for
                  | the Orb.
     0 | D:1      | Reached XP level 1. HP: 16/16 MP: 1/1
    42 | D:1      | Reached skill level 1 in Armour
    47 | D:1      | Gained mutation: You have an unusually large brain. (Int
                  | +2) [demonic ancestry]
    47 | D:1      | Reached XP level 2. HP: 14/22 MP: 2/2
   106 | D:1      | HP: 1/22 [kobold/+3 whip (2)]
   108 | D:1      | Slain by a kobold

Illustrated notes

Levels and vault maps discovered:
D:1:      tarquinn_simple_flora_water_f, layout_loops_ring,
          minmay_small_reverse_x

Skill      XL: |  1 |
---------------+----+-----
Armour         | 1 |  1.0
Fighting       | |  2.0
Long Blades    | |  2.9
Throwing       | |  1.7
Dodging        | |  2.6
Evocations     | |  0.4

Action                     || total
---------------------------++-------
  Melee: Long sword        ||    36
 Armour: Leather armour    ||     8
  Dodge: Dodged            ||    35

Table legend: (Time is in decaauts)
 A = Elapsed time spent in this place.
 B = Non-inter-level travel time spent in this place.
 C = Inter-level travel time spent in this place.
 D = Time resting spent in this place.
 E = Time spent auto-exploring this place.
 F = Levels seen in this place.
 G = Mean time per level.
                   A        B        C        D        E       F      G
               +--------+--------+--------+--------+--------+-----+--------+
         Total |    116 |    116 |      0 |     18 |     20 |   1 |  116.0 |
       Dungeon |    116 |    116 |      0 |     18 |     20 |   1 |  116.0 |
               +--------+--------+--------+--------+--------+-----+--------+

Top non-repeatable levels by time:
     D:1: 116 daAuts
